 Dungeon Crawl Stone Soup version 0.19.5 (webtiles) character file.

226 greprep the Sneak (level 5, 0/24 HPs)
             Began as a Spriggan Enchanter on May 7, 2017.
             Was an Initiate of Ashenzari.
             Killed from afar by an orc wizard (9 damage)
             ... with a magic dart
             ... on level 3 of the Dungeon.
             The game lasted 00:08:49 (3454 turns).

greprep the Sneak (Spriggan Enchanter)              Turns: 3454, Time: 00:08:50

Health: 0/24       AC:  3    Str:  4    XL:     5   Next: 69%
Magic:  3/12       EV: 19    Int: 17    God:    Ashenzari [......]
Gold:   98         SH:  0    Dex: 17    Spells: 2 memorised, 9 levels left

rFire  . . .     SeeInvis +     h - +0 dagger (freeze)
rCold  . . .     Gourm    .     b - +1 robe
rNeg   . . .     Faith    .     (shield restricted)
rPois  .         Spirit   .     (helmet restricted)
rElec  .         Reflect  .     (no cloak)
rCorr  .         Harm     .     (gloves unavailable)
MR     .....                    (boots unavailable)
Stlth  +++.......               (no amulet)
                                (no ring)
                                (no ring)

@: very quick
A: unfitting armour, see invisible, herbivore 3, speed 3, slow metabolism 2
a: Curse Item, Renounce Religion


You were on level 3 of the Dungeon.
You worshipped Ashenzari.
Ashenzari was noncommittal.
You were not hungry.

You visited 1 branch of the dungeon, and saw 3 of its levels.

You collected 98 gold pieces.

Inventory:

Hand Weapons
 h - a +0 dagger of freezing (weapon)
Armour
 b - a +1 robe (worn)
Wands
 p - a wand of teleportation (3/9)
Scrolls
 e - 2 scrolls of teleportation {unknown}
 f - 2 scrolls of remove curse
 g - a scroll of immolation {unknown}
 i - 2 scrolls of magic mapping {unknown}
 j - 2 scrolls of fog {unknown}
 k - a scroll of fear {unknown}
 l - a scroll of enchant armour {unknown}
 n - 2 scrolls of identify {unknown}
Potions
 a - 2 potions of curing {unknown}
 d - 2 potions of heal wounds {unknown}
 m - a potion of might {unknown}
Books
 c - a book of Maledictions

   Spells                             Type                      Level
   a - Corona                         Hexes                        1
   b - Ensorcelled Hibernation        Hexes/Ice                    2
   c - Confuse                        Hexes                        3
   d - Tukima's Dance                 Hexes                        3
   e - Dazzling Spray                 Conjuration/Hexes            3
 o - a book of Minor Magic

   Spells                             Type                      Level
   a - Magic Dart                     Conjuration                  1
   b - Blink                          Translocation                2
   c - Call Imp                       Summoning                    2
   d - Repel Missiles                 Charms/Air                   2
   e - Slow                           Hexes                        2
   f - Conjure Flame                  Conjuration/Fire             3
   g - Mephitic Cloud                 Conjuration/Poison/Air       3
Comestibles
 q - a bread ration


   Skills:
 + Level 0.2 Fighting
 + Level 2.4 Short Blades
 + Level 3.7 Dodging
 + Level 6.3 Stealth
 + Level 4.1 Spellcasting
 + Level 4.6 Hexes
 + Level 1.2 Ice Magic


You had 9 spell levels left.
You knew the following spells:

 Your Spells              Type           Power        Failure   Level  Hunger
a - Corona                Hex            ###....      2%          1    None
b - Ensorcelled Hibernat  Hex/Ice        ##....       10%         2    ##.....


Dungeon Overview and Level Annotations

Branches:
Dungeon (3/15)

Altars:
Ashenzari
Makhleb


Innate Abilities, Weirdness & Mutations

You are very small and have problems with some larger weapons.
You are too small for most types of armour.
You have supernaturally acute eyesight. (SInv)
You are a herbivore.
You cover ground extremely quickly.
You need consume almost no food.


Message History

Aim: an orc, wielding a flail and wearing a chain mail (severely wounded, chance to defeat MR: 73%)
The orc is outlined in light.
The orc hits you with a flail.
You hit the orc but do no damage.
The orc is severely wounded.
The orc completely misses you.
You hit the orc but do no damage.
The orc is severely wounded.
The orc misses you.
You hit the orc. You freeze the orc.
You kill the orc!
You start resting.
An orc wizard comes into view. It is wielding a dagger.
An orc wizard is nearby!
Items here: )) [ ††† The orc wizard shouts!
You start resting.
An orc wizard is nearby!
The orc wizard gestures at you while chanting.
The magic dart hits you!
You die...

#..# #..# #.####..#
######### #..o.)..#
#.......# #######.#
#.#####.# #.# #.#####.#
#.# #.##.##.#########.#
#.#.....@......o#.#######
#.#...#.#######..........
#.#.#...## #.....#####
#..<#....# #....##
#.#####..# ###.##
#...#....# #.# ###.#...##
#.# #....## ##'## ####.#
##...##


You could see an orc wizard.

Vanquished Creatures
  An orc priest (D:3)
  An orc wizard (D:3)
  Jessica (D:3)
  Terence (D:3)
  2 gnolls (D:2)
  2 adders (D:2)
  6 dart slugs
  2 leopard geckos (D:1)
  6 orcs (D:3)
  6 bats
  3 giant cockroaches
  4 goblins
  7 hobgoblins
  7 jackals
  9 kobolds
  4 frilled lizards
  3 rats
65 creatures vanquished.

Notes
Turn   | Place    | Note
-------+----------+-------------------------------------------
     0 | D:1      | greprep the Spriggan Enchanter began the quest for the Orb.
     0 | D:1      | Reached XP level 1. HP: 9/9 MP: 5/5
   683 | D:1      | Reached XP level 2. HP: 9/13 MP: 3/6
   687 | D:1      | Learned a level 2 spell: Ensorcelled Hibernation
  1226 | D:1      | Reached XP level 3. HP: 16/16 MP: 5/8
  2157 | D:2      | Reached XP level 4. HP: 15/21 MP: 0/10
  2184 | D:2      | Reached skill level 5 in Stealth
  2266 | D:2      | Reached skill level 1 in Ice Magic
  2707 | D:3      | Found a shattered altar of Ashenzari.
  2714 | D:3      | Became a worshipper of Ashenzari the Shackled
  2944 | D:3      | Noticed Terence
  2947 | D:3      | Killed Terence
  3055 | D:3      | Noticed Jessica
  3063 | D:3      | Reached XP level 5. HP: 19/24 MP: 6/11
  3102 | D:3      | Killed Jessica
  3102 | D:3      | Reached skill level 6 in Stealth
  3312 | D:3      | Found a burning altar of Makhleb.
  3454 | D:3      | Killed from afar by an orc wizard

Skill      XL: |  1  2  3  4  5 |
---------------+----------------+-----
Spellcasting   | 3 4 |  4.1
Hexes          | 4 |  4.6
Short Blades   | 2 |  2.4
Stealth        | 5 6 |  6.3
Ice Magic      | 1 |  1.2
Fighting       | |  0.2
Dodging        | |  3.7

Action                   |  1- 3 |  4- 6 || total
-------------------------+-------+-------++-------
Melee: Dagger            |   144 |    91 ||   235
 Cast: Corona            |    10 |     2 ||    12
       Ensorcelled Hiber |    38 |    22 ||    60
 Stab: Sleeping          |    21 |    17 ||    38
  Eat: Bread ration      |     1 |       ||     1
Armor: Robe              |    11 |    17 ||    28
Dodge: Dodged            |   145 |    58 ||   203
